 Dungeon Crawl Stone Soup version 0.26.0-10-g1f06aea511 (webtiles) character file.

Game seed: 11671446457399058494

275668 MajorAdolf the Cryomancer (level 20, -10/187 (193) HPs)
             Began as a Naga Wanderer on Jan 16, 2021.
             Was an Initiate of Gozag.
             Mangled by a death ooze (27 damage)
             ... created by the Royal Jelly
             ... on level 4 of the Pits of Slime.
             The game lasted 02:02:21 (68462 turns).

MajorAdolf the Cryomancer (Naga Wanderer)          Turns: 68462, Time: 02:02:22

HP:   -10/187 (193) AC: 20    Str: 20    XL:     20   Next: 35%
MP:   36/36         EV:  7    Int: 17    God:    Gozag
Gold: 4395          SH: 22    Dex: 10    Spells: 14/43 levels left

rFire    + . .     SeeInvis +   y - staff of cold
rCold    + + +     Faith    .   a - +3 tower shield {rC+}
rNeg     + . .     Spirit   .   d - +2 robe {rF+}
rPois    +         Reflect  .   V - +2 helmet {SInv}
rElec    .         Harm     .   M - +1 cloak {Will+}
rCorr    .         Rampage  .   s - +0 pair of gloves
Will     +++..                  x - +2 barding {Fly}
Stlth    ++........             Q - amulet of regeneration
HPRegen  0.81/turn              (no ring)
MPRegen  0.25/turn              w - ring of positive energy

@: corroded, flying, very slightly contaminated, lightly drained, invisible,
very slow
A: large, see invisible, cold resistance 1, deformed body, mutation resistance
1, poison resistance, robust 1, slowness 2, spit poison 1, MP-powered wands,
constrict 1, AC +6
}: 2/15 runes: decaying, gossamer
a: Spit Poison, Stop Flying, Renounce Religion, Potion Petition, Call Merchant,
Bribe Branch


You were on level 4 of the Pits of Slime.
You worshipped Gozag.
Gozag was most pleased with you.
You visited 7 branches of the dungeon, and saw 37 of its levels.
You also visited: Gauntlet, Ice Cave and Volcano.

You collected 14950 gold pieces.
You spent 5963 gold pieces at shops.
You paid 4592 gold pieces to Gozag.

Inventory:

Hand Weapons
 B - the +3 war axe "Orb Guardian's Regret" {holy, rElec rF+++ MP+9 Dex-3}
   (You found it on level 4 of the Dungeon)

   It has been blessed by the Shining One to cause great damage to the undead
   and demons.
   It affects your dexterity (-3).
   It renders you almost immune to fire.
   It insulates you from electricity.
   It affects your magic capacity (+9).
 D - a +5 broad axe of electrocution
Armour
 a - a +3 tower shield of cold resistance (worn)
 d - a +2 robe of fire resistance (worn)
 f - the +6 leather armour of Cayr {Will+}
   (You bought it in a shop on level 2 of the Spider Nest)

   It affects your willpower, your defense against some magical effects.
 s - a +0 pair of gloves (worn)
 x - a +2 barding of flying (worn)
 M - a +1 cloak of willpower (worn)
 V - a +2 helmet of see invisible (worn)
 W - the +0 leather armour of Indecent Exposure {+Blink +Inv Regen+ Slay+3}
   (You bought it in a shop on level 2 of the Spider Nest)

   It affects your accuracy and damage with ranged weapons and melee attacks
   (+3).
   It lets you turn invisible.
   It lets you blink.
   It increases your rate of regeneration.
Magical Staves
 y - an uncursed staff of cold (weapon)
Jewellery
 w - a ring of positive energy (right hand)
 E - an uncursed ring of ice
 Q - an amulet of regeneration (around neck)
 T - an uncursed ring of ice
Wands
 c - a wand of digging (8)
 j - a wand of acid (13)
 o - a wand of random effects (44)
 z - a wand of iceblast (20)
 Y - a wand of paralysis (6)
Scrolls
 i - 18 scrolls of identify
 k - 15 scrolls of teleportation
 q - 6 scrolls of amnesia
 t - 3 scrolls of fog
 F - 20 scrolls of remove curse
 H - 3 scrolls of enchant weapon
 I - a scroll of brand weapon
 K - 2 scrolls of immolation
 P - 5 scrolls of magic mapping
 X - a scroll of holy word
Potions
 b - 4 potions of lignification
 e - 3 potions of cancellation
 g - 6 potions of brilliance
 h - 3 potions of resistance
 l - 2 potions of haste
 n - 10 potions of flight
 p - a potion of might
 r - 4 potions of berserk rage
 u - 4 potions of mutation
 v - 6 potions of ambrosia
 G - 2 potions of invisibility
 J - 2 potions of curing
 L - 3 potions of magic
Miscellaneous
 R - a phantom mirror


   Skills:
 - Level 10.0 Fighting
 - Level 3.0 Short Blades
 - Level 13.0 Axes
 - Level 8.0 Armour
 - Level 1.5 Stealth
 + Level 14.2 Shields
 + Level 12.4 Spellcasting
 + Level 7.3 Conjurations
 * Level 22.9 Ice Magic
 + Level 7.4 Air Magic
 - Level 1.0 Evocations


You had 14 spell levels left.
You knew the following spells:

 Your Spells              Type           Power        Failure   Level
a - Hailstorm             Conj/Ice       75%          1%          4
b - Ozocubu's Armour      Ice            93%          0%          3
c - Summon Ice Beast      Ice/Summ       65%          1%          4
d - Ensorcelled Hibernat  Hex/Ice        100%         1%          2
e - Frozen Ramparts       Ice            100%         0%          3
f - Freeze                Ice            100%         0%          1
g - Freezing Cloud        Conj/Ice/Air   34%          7%          6
h - Ozocubu's Refrigerat  Ice            46%          1%          6

Your spell library contained the following spells:

 Spells                   Type           Power        Failure   Level
 Magic Dart               Conj           100%         1%          1
 Searing Ray              Conj           70%          1%          2
 Swiftness                Air            35%          1%          2
 Ice Form                 Ice/Tmut       65%          1%          4
 Metabolic Englaciation   Hex/Ice        32%          1%          5
 Dazzling Flash           Conj/Hex       46%          4%          3
 Stone Arrow              Conj/Erth      46%          4%          3
 Animate Skeleton         Necr           20%          8%          1
 Apportation              Tloc           20%          8%          1
 Beastly Appendage        Tmut           20%          8%          1
 Corona                   Hex            11%          8%          1
 Pain                     Necr           40%          8%          1
 Summon Small Mammal      Summ           40%          8%          1
 Simulacrum               Ice/Necr       32%          11%         6
 Blink                    Tloc           N/A          12%         2
 Passwall                 Tmut/Erth      8%           12%         2
 Wereblood                Tmut           10%          12%         2
 Fulminant Prism          Conj/Hex       11%          17%         4
 Iskenderun's Mystic Bla  Conj/Tloc      23%          17%         4
 Confusing Touch          Hex            10%          22%         3
 Lesser Beckoning         Tloc           5%           22%         3
 Spider Form              Tmut/Pois      5%           22%         3
 Tukima's Dance           Hex            10%          22%         3
 Vampiric Draining        Necr           5%           22%         3
 Silence                  Hex/Air        11%          43%         5
 Absolute Zero            Ice            46%          54%         9
 Animate Dead             Necr           5%           58%         4
 Cause Fear               Hex            5%           58%         4
 Passage of Golubria      Tloc           N/A          58%         4
 Bolt of Magma            Conj/Fire/Erth 9%           61%         5
 Agony                    Necr           10%          91%         5
 Blade Hands              Tmut           5%           91%         5
 Lee's Rapid Deconstruct  Erth           5%           91%         5
 Yara's Violent Unravell  Hex/Tmut       5%           91%         5
 Iron Shot                Conj/Erth      11%          95%         6
 Invisibility             Hex            10%          100%        6
 Statue Form              Tmut/Erth      6%           100%        6
 Chain Lightning          Conj/Air       17%          100%        8
 Discord                  Hex            5%           100%        8
 Lehudib's Crystal Spear  Conj/Erth      11%          100%        8
 Fire Storm               Conj/Fire      11%          100%        9
 Shatter                  Erth           5%           100%        9


Dungeon Overview and Level Annotations

Branches:
Dungeon (15/15)            Temple (1/1) D:7            Lair (6/6) D:9
  Swamp (4/4) Lair:3       Spider (4/4) Lair:4        Slime (5/5) Lair:5
    Orc (2/2) D:12            Elf (0/3) Orc:2        Vaults (0/5) D:13
 Depths (0/5) D:15          IceCv (visited)         Volcano (visited)
Gauntlet (visited)

Altars:
Ashenzari
Cheibriados
Dithmenos
Elyvilon
Fedhas
Gozag
Hepliaklqana
Kikubaaqudgha
Makhleb
Nemelex Xobeh
Okawaru
Qazlal
Ru
Sif Muna
Trog
Uskayaw
Vehumet
Wu Jian
Xom
Yredelemnul
Zin
The Shining One
Beogh
Jiyva

Shops:
D:5 [   D:9 *   D:11 !   D:14 [   D:15 [?   Orc:1 *   Orc:2 =[[?   Lair:5 [
Spider:2 [

Annotations:
Slime:5 Royal Jelly


Innate Abilities, Weirdness & Mutations

You cannot wear boots.
Your serpentine skin is tough. (AC +6)
You have supernaturally acute eyesight. (SInv)
Armour fits poorly on your strangely shaped body.
Your system is resistant to poisons. (rPois)
You cover ground very slowly.
You can spit poison.
You can use your snake-like lower body to constrict enemies.
Your flesh is cold resistant. (rC+)
You are somewhat resistant to further mutation.
You are robust. (+10% HP)
You expend magic power (3 MP) to strengthen your wands.


Message History

Remove which piece of jewellery? (? for menu, Esc to quit)
You remove your ring of ice.
You block the death ooze's attack. x2
The azure jelly hits you. The azure jelly freezes you! You resist.
* * * LOW HITPOINT WARNING * * *
You block the azure jelly's attack.
The azure jelly hits you but does no damage. x2
The death ooze hits you!!
* * * LOW HITPOINT WARNING * * *
The death ooze hits you!
* * * LOW HITPOINT WARNING * * *
You feel much better. The death ooze barely misses you.
You block the death ooze's attack. x3
The azure jelly hits you but does no damage.
You block the azure jelly's attack.
The azure jelly hits you but does no damage. x2
The death ooze barely misses you. The death ooze hits you!
* * * LOW HITPOINT WARNING * * *
The death ooze hits you!!
You die...
Your body crumbles into a pile of gold.

##.##...###
##.........## ##
##.#..^...<..###.##
#...^.......##....#
#................#
##.........<.#.### ##
#......#......#..##.##
##....##.............#
##...$.J@J......##.##
##......J.J.......###
#............#....#
##.#.............##
##...............#
##........#.....#
##........##...##
##.....##.####.##
##.....###.# #.#


You could see an azure jelly (inner flame) and 3 death oozes.

Vanquished Creatures
  Rupert (Spider:1)
  The ghost of HoaS the Peltast, an adept FoFi of Makhleb (Swamp:4)
  8 acid blobs
  A thorn hunter (Swamp:4)
  2 azure jellies
  Donald (Orc:2)
  A fenstrider witch (Swamp:2)
  9 emperor scorpions
  2 orc warlords (Orc:1)
  Louise (D:14)
  3 ghost moths (Spider:4)
  A ghoul (Swamp:3)
  A juggernaut zombie (D:15)
  The ghost of Nattefrost the Fighter, a journeyman TrWn of Cheibriados (Lair:6)
  2 bunyips
  4 entropy weavers
  A minotaur (Gauntlet)
  A blizzard demon (Gauntlet)
  2 spark wasps (Spider:2)
  9 eleionomae
  The ghost of Deesahac the Severer, a journeyman BaFi of Cheibriados (Lair:3)
  A shambling mangrove (Swamp:4)
  2 death oozes (Slime:3)
  5 great orbs of eyes
  6 boulder beetles
  19 hydras
  8 vault guards (D:13)
  A catoblepas (Gauntlet)
  5 ghost crabs
  4 centaur warriors
  18 two-headed ogres
  14 alligators
  A queen ant (Spider:4)
  4 ogre magi
  A nameless horror (Orc:1)
  3 hell knights
  An orc high priest (Orc:1)
  5 tengu warriors
  Urug (D:14)
  7 skeletal warriors
  5 goliath frogs
  2 deep trolls (Orc:1)
  2 glowing orange brains
  12 swamp dragons
  2 wizards
  2 unseen horrors
  A golden dragon skeleton (D:15)
  5 spriggan druids
  A flayed ghost (D:15)
  2 necromancers
  16 bog bodies
  3 lindwurms
  26 wolf spiders
  20 orb spiders
  4 orc knights
  4 shining eyes
  8 will-o-the-wisps
  7 ugly things
  2 orc sorcerers (Orc:1)
  2 deep elf magi
  4 moths of wrath
  2 manticores
  9 cyclopes
  2 oklob plants (Lair:1)
  3 black mambas
  2 molten gargoyles (Volcano)
  An ice statue (IceCv)
  12 elephants
  17 cane toads
  3 torpor snails
  4 gargoyles
  10 freezing wraiths (IceCv)
  5 yaktaurs (D:15)
  7 rime drakes
  9 demonic crawlers
  12 komodo dragons
  A spriggan skeleton (D:15)
  2 tengu conjurers
  12 trolls
  A meliai (Lair:6)
  A queen bee (Lair:6)
  A bloated husk (Swamp:4)
  25 jumping spiders
  Grinder (D:4)
  13 tyrant leeches
  10 polar bears
  18 hornets
  49 slime creatures
  17 blink frogs
  A harpy skeleton (D:14)
  22 spriggans
  A vampire (D:13)
  31 tarantellas
  2 wraiths
  66 redbacks
  48 yaks
  2 fire bats (Volcano)
  5 wyverns
  8 golden eyes
  4 basilisks
  2 steam dragons
  15 vampire mosquitoes
  Menkaure (D:6)
  12 soldier ants (Spider:4)
  An acid dragon (D:12)
  A human zombie (D:15)
  9 wargs (Orc:1)
  9 swamp worms
  19 water moccasins
  3 sky beasts
  10 swamp drakes
  3 hornet zombies
  12 ice beasts
  27 ogres
  35 orc warriors
  4 phantoms
  8 black bears
  4 necrophages
  3 eyes of draining
  3 boggarts (Lair:6)
  5 centaurs
  24 wolves
  32 bullfrogs
  A gnoll sergeant (D:8)
  4 scorpions
  A hornet simulacrum (Gauntlet)
  10 killer bees
  A wight (D:7)
  A swamp dragon simulacrum (IceCv)
  5 howler monkeys
  A jelly (D:7)
  4 electric eels
  6 lava snakes (Volcano)
  4 centaur zombies
  4 draconian simulacra (IceCv)
  A bullfrog zombie (D:11)
  2 quasits (D:10)
  10 hounds
  A bullfrog skeleton (D:12)
  12 orc priests
  23 orc wizards
  3 iguanas
  28 worker ants
  2 polar bear simulacra (IceCv)
  5 troll simulacra (IceCv)
  A wolf simulacrum (IceCv)
  3 spriggan simulacra (IceCv)
  5 centaur simulacra
  2 bullfrog simulacra (Gauntlet)
  A worker ant zombie (D:7)
  4 gnolls (D:8)
  15 adders
  2 naga simulacra (IceCv)
  3 ogre simulacra (IceCv)
  2 shadow imps
  16 white imps
  5 ufetubi
  An ooze (D:1)
  An adder skeleton (D:4)
  4 worms
  A dart slug (D:4)
  3 leopard geckos
  74 orcs
  5 giant cockroaches
  7 hobgoblins
  9 jackals
  5 quokkas
  10 bats
  11 frilled lizards
  A giant cockroach zombie (D:6)
  7 goblins
  10 kobolds
  A leopard gecko skeleton (D:5)
  8 rats
  A bush (Lair:2)
1317 creatures vanquished.

Vanquished Creatures (collateral kills)
  4 hydras
  A centaur warrior (D:14)
  2 goliath frogs (Swamp:1)
  A wolf spider (Spider:3)
  3 hornets
  3 spriggans
  2 yaks (Lair:6)
  A wyvern (Lair:6)
  A basilisk (Lair:4)
  2 wolves (Lair:6)
20 creatures vanquished.

Vanquished Creatures (others)
  A goliath frog (Swamp:2)
  A spriggan druid (Swamp:2)
  4 bloated husks
  A swamp drake (Swamp:2)
  A leopard gecko (D:10)
  16 foxfires
  58 fungi
  71 plants
  29 withered plants
182 creatures vanquished.

Grand Total: 1519 creatures vanquished

Notes
Turn   | Place    | Note
-------+----------+-------------------------------------------
     0 | D:1      | MajorAdolf the Naga Wanderer began the quest for the Orb.
     0 | D:1      | MajorAdolf set off with the following items: a +2 short
                  | sword, 2 potions of lignification, a +0 robe
     0 | D:1      | Reached XP level 1. HP: 25/25 MP: 1/1
    82 | D:1      | Reached XP level 2. HP: 24/32 MP: 2/2
   189 | D:1      | Reached skill level 1 in Armour
   705 | D:2      | Reached XP level 3. HP: 39/39 MP: 3/3
  1578 | D:2      | Reached XP level 4. HP: 44/46 MP: 4/4
  2128 | D:3      | Reached skill level 1 in Axes
  2542 | D:3      | Reached XP level 5. HP: 55/55 MP: 5/5
  3676 | D:4      | Noticed Grinder
  3693 | D:4      | Paralysed by Grinder for 4 turns
  3698 | D:4      | Killed Grinder
  3699 | D:4      | Reached skill level 1 in Shields
  3699 | D:4      | Reached XP level 6. HP: 30/62 MP: 6/6
  4067 | D:4      | Reached XP level 7. HP: 49/69 MP: 7/7
  5095 | D:4      | Got a twisted war axe
  5098 | D:4      | Identified the +3 war axe "Orb Guardian's Regret" {holy,
                  | rElec rF+++ MP+9 Dex-3} (You found it on level 4 of the
                  | Dungeon)
  5354 | D:5      | Entered Level 5 of the Dungeon
  5689 | D:5      | Found Maurph Gelig's Antique Armour Emporium.
  6078 | D:6      | Reached XP level 8. HP: 53/78 MP: 8/8
  6082 | D:6      | Reached skill level 5 in Axes
  6530 | D:6      | Noticed Menkaure
  6535 | D:6      | Killed Menkaure
  7356 | D:7      | Reached XP level 9. HP: 21/86 MP: 6/9
  7984 | D:7      | Noticed a hornet
  7993 | D:7      | Killed a hornet
  8899 | D:7      | Reached skill level 5 in Armour
  9211 | D:7      | Found a staircase to the Ecumenical Temple.
  9237 | Temple   | Entered the Ecumenical Temple
  9424 | Temple   | Became a worshipper of Gozag Ym Sagoz the Greedy
  9627 | D:7      | Found a basalt altar of Yredelemnul.
  9743 | D:7      | Reached XP level 10. HP: 95/96 MP: 10/10
 10294 | D:8      | Found a glowing silver altar of Zin.
 10954 | D:8      | Found an ancient bone altar of Kikubaaqudgha.
 10954 | D:8      | Found a glowing golden altar of the Shining One.
 10990 | D:8      | Found a burning altar of Makhleb.
 11259 | D:9      | Reached skill level 5 in Shields
 11926 | D:9      | Found a staircase to the Lair.
 12356 | D:9      | Noticed a purple ugly thing
 12366 | D:9      | Killed a purple ugly thing
 12620 | D:10     | Entered Level 10 of the Dungeon
 13066 | D:9      | Bought a scroll labelled BOTIOSYFAPP for 35 gold pieces
 13066 | D:9      | Bought a scroll labelled FEIXAB VEARI for 35 gold pieces
 13311 | D:10     | Noticed a tengu warrior
 13324 | D:10     | Killed a tengu warrior
 13325 | D:10     | Reached skill level 10 in Axes
 13325 | D:10     | Reached XP level 11. HP: 34/106 MP: 8/11
 14193 | D:10     | Noticed a deep elf mage
 14226 | D:10     | Paralysed by a deep elf mage for 3 turns
 14237 | D:10     | Killed a deep elf mage
 14539 | D:10     | Noticed a centaur warrior
 14565 | D:10     | Killed a centaur warrior
 15695 | D:11     | Found a frozen archway.
 15762 | IceCv    | Entered an ice cave
 16085 | IceCv    | Reached skill level 10 in Fighting
 16831 | IceCv    | Reached XP level 12. HP: 95/116 MP: 12/12
 17095 | IceCv    | Found an ancient bone altar of Kikubaaqudgha.
 20085 | D:11     | Reached skill level 1 in Ice Magic
 20172 | D:11     | Reached skill level 2 in Ice Magic
 20214 | D:11     | Learned a level 4 spell: Hailstorm
 20214 | D:11     | Found Xelemowe's Distillery.
 20219 | D:11     | Bought a potion of mutation for 104 gold pieces
 20219 | D:11     | Bought a potion of mutation for 104 gold pieces
 20219 | D:11     | Bought a potion of magic for 104 gold pieces
 20219 | D:11     | Bought a potion of flight for 39 gold pieces
 20219 | D:11     | Bought a potion of haste for 130 gold pieces
 20219 | D:11     | Bought a potion of might for 52 gold pieces
 20219 | D:11     | Bought 2 potions of lignification for 78 gold pieces
 20406 | D:11     | Reached skill level 3 in Ice Magic
 21137 | D:12     | Noticed a centaur warrior
 21147 | D:12     | Killed a centaur warrior
 21148 | D:12     | Reached skill level 4 in Ice Magic
 21282 | D:12     | Noticed a four-headed hydra
 21291 | D:12     | Killed a five-headed hydra
 21292 | D:12     | Reached skill level 5 in Ice Magic
 21621 | D:12     | Reached skill level 6 in Ice Magic
 21890 | D:12     | Reached skill level 7 in Ice Magic
 22014 | D:12     | Gained mutation: You can use your snake-like lower body to
                  | constrict enemies. [Naga growth]
 22014 | D:12     | Reached XP level 13. HP: 111/123 MP: 13/13
 22248 | D:12     | Found a staircase to the Orcish Mines.
 22378 | D:12     | Learned a level 3 spell: Ozocubu's Armour
 22385 | Orc:1    | Entered Level 1 of the Orcish Mines
 22411 | Orc:1    | Reached skill level 8 in Ice Magic
 22917 | D:12     | Reached skill level 9 in Ice Magic
 23248 | Orc:1    | Found Ieum's Incredible Inventory.
 23323 | Orc:1    | Learned a level 4 spell: Summon Ice Beast
 23669 | Orc:1    | Reached skill level 10 in Ice Magic
 24307 | Orc:1    | Noticed an orc warlord
 24326 | Orc:1    | Noticed an orc warlord
 24335 | Orc:1    | HP: 1/123 [orc warlord/bolt (14)]
 24482 | Orc:1    | Killed an orc warlord
 24483 | Orc:1    | Reached skill level 11 in Ice Magic
 25508 | Orc:2    | Entered Level 2 of the Orcish Mines
 25513 | Orc:2    | Found Boll's Magic Scroll Boutique.
 25639 | Orc:1    | HP: 8/184 [troll (7)]
 25640 | Orc:1    | Reached skill level 12 in Ice Magic
 26069 | Orc:1    | Killed an orc warlord
 26265 | Orc:1    | Bought a manual of Ice Magic for 1656 gold pieces
 26525 | Orc:1    | Identified a scroll of acquirement
 26525 | Orc:1    | Acquired a +6 broad axe of freezing
 26602 | Orc:1    | Reached skill level 13 in Ice Magic
 26773 | Orc:1    | Identified Sif Muna's Catalogue of Earth
 27049 | Orc:1    | Reached skill level 1 in Spellcasting
 27717 | Orc:2    | Noticed an ogre mage
 27749 | Orc:1    | Reached XP level 14. HP: 101/132 MP: 11/17
 27982 | Orc:1    | Reached skill level 14 in Ice Magic
 28646 | Orc:2    | Found Itreim's Antique Armour Emporium.
 28676 | Orc:2    | Found Watwauqo's Armour Emporium.
 28701 | Orc:2    | Found Jucuef's Jewellery Shoppe.
 28704 | Orc:2    | Bought a scroll of blinking for 97 gold pieces
 28704 | Orc:2    | Bought a scroll of teleportation for 39 gold pieces
 28704 | Orc:2    | Bought a scroll of teleportation for 39 gold pieces
 28704 | Orc:2    | Bought a scroll of teleportation for 39 gold pieces
 28751 | Orc:2    | Bought an uncursed ring of ice for 250 gold pieces
 28751 | Orc:2    | Bought an uncursed ring of wizardry for 300 gold pieces
 28773 | Orc:2    | Bought a runed helmet for 217 gold pieces
 28848 | Orc:2    | Found a roughly hewn altar of Beogh.
 28851 | Orc:2    | Found a staircase to the Elven Halls.
 28859 | Orc:2    | Noticed Donald
 28994 | Orc:1    | Gained mutation: You are strong-willed. (Will+) [potion of
                  | mutation]
 28994 | Orc:1    | Gained mutation: You expend magic power (3 MP) to
                  | strengthen your wands. [potion of mutation]
 29329 | Orc:2    | Killed Donald
 29441 | Orc:2    | Reached skill level 15 in Ice Magic
 29619 | Orc:1    | Learned a level 2 spell: Ensorcelled Hibernation
 29835 | D:13     | Reached skill level 10 in Shields
 30505 | D:13     | Found a gate to the Vaults.
 30527 | D:13     | Reached skill level 16 in Ice Magic
 31168 | D:13     | Reached skill level 5 in Spellcasting
 31696 | D:14     | Found a gate leading to a gauntlet.
 31696 | D:14     | Found Turoatto's Antique Armour Boutique.
 31711 | Gauntlet | Entered a Gauntlet
 31711 | Gauntlet | Found a transporter.
 31711 | Gauntlet | Found a runed translucent door.
 31711 | Gauntlet | Found a transporter.
 31723 | Gauntlet | Found a runed translucent door.
 31731 | Gauntlet | Found a transporter.
 31731 | Gauntlet | Found a transporter.
 31754 | Gauntlet | Found a transporter.
 31762 | Gauntlet | Found a transporter.
 31766 | Gauntlet | Found a transporter.
 31774 | Gauntlet | Found a transporter.
 31790 | Gauntlet | Found a transporter.
 31805 | Gauntlet | Found a transporter.
 31809 | Gauntlet | Found a transporter.
 31817 | Gauntlet | Found a transporter.
 32013 | Gauntlet | Learned a level 3 spell: Vampiric Draining
 32111 | Gauntlet | Reached XP level 15. HP: 125/138 MP: 20/23
 32341 | D:14     | Bought a runed leather armour for 110 gold pieces
 32530 | D:14     | Reached skill level 17 in Ice Magic
 32818 | D:14     | Noticed Louise
 33482 | D:14     | Noticed Urug
 34067 | D:14     | Killed Louise
 34094 | D:14     | Killed Urug
 34917 | D:15     | Entered Level 15 of the Dungeon
 35072 | D:15     | Reached skill level 18 in Ice Magic
 35498 | D:15     | Found a staircase to the Depths.
 36080 | D:15     | Identified the +3 ring mail of Foilef {Rampage Str+2 Dex+4}
 36237 | D:15     | Found a broken altar of Ashenzari.
 36250 | D:15     | Reached skill level 19 in Ice Magic
 36336 | D:15     | Bought a scroll of enchant weapon for 150 gold pieces
 36336 | D:15     | Bought a scroll of enchant armour for 150 gold pieces
 36336 | D:15     | Bought a scroll of enchant armour for 150 gold pieces
 36338 | D:15     | Bought a warped helmet for 237 gold pieces
 36361 | D:15     | Identified the +0 helmet "Acaapairak" {rC+ Int+2 Stlth+}
                  | (You bought it in a shop on level 15 of the Dungeon)
 36392 | D:15     | Lost mutation: You are strong-willed. (Will+) [potion of
                  | mutation]
 36392 | D:15     | Lost mutation: You expend magic power (3 MP) to strengthen
                  | your wands. [potion of mutation]
 36392 | D:15     | Gained mutation: Your spells are a little easier to cast,
                  | but a little less powerful. [potion of mutation]
 36392 | D:15     | Gained mutation: Your muscles are strong. (Str +2) [potion
                  | of mutation]
 36393 | D:15     | Lost mutation: Your muscles are strong. (Str +2) [potion of
                  | mutation]
 36393 | D:15     | Lost mutation: Your spells are a little easier to cast, but
                  | a little less powerful. [potion of mutation]
 36393 | D:15     | Gained mutation: Potions are less effective at restoring
                  | your health. [potion of mutation]
 36393 | D:15     | Gained mutation: You are robust. (+10% HP) [potion of
                  | mutation]
 36393 | D:15     | Gained mutation: Your magical capacity is low. (-10% MP)
                  | [potion of mutation]
 36393 | D:15     | Lost mutation: Your magical capacity is low. (-10% MP)
                  | [potion of mutation]
 36394 | D:15     | Lost mutation: Potions are less effective at restoring your
                  | health. [potion of mutation]
 36394 | D:15     | Lost mutation: You are robust. (+10% HP) [potion of
                  | mutation]
 36394 | D:15     | Gained mutation: You are weak. (Str -2) [potion of
                  | mutation]
 36394 | D:15     | Gained mutation: You occasionally shout uncontrollably at
                  | your foes. [potion of mutation]
 36394 | D:15     | Gained mutation: You are somewhat resistant to further
                  | mutation. [potion of mutation]
 36395 | D:15     | Lost mutation: You are weak. (Str -2) [potion of mutation]
 36395 | D:15     | Lost mutation: You occasionally shout uncontrollably at
                  | your foes. [potion of mutation]
 36395 | D:15     | Lost mutation: You are somewhat resistant to further
                  | mutation. [potion of mutation]
 36395 | D:15     | Gained mutation: Your flesh is cold resistant. (rC+)
                  | [potion of mutation]
 36395 | D:15     | Gained mutation: You expend magic power (3 MP) to
                  | strengthen your wands. [potion of mutation]
 36395 | D:15     | Gained mutation: You are robust. (+10% HP) [potion of
                  | mutation]
 36593 | Lair:1   | Entered Level 1 of the Lair of Beasts
 36660 | Lair:1   | Found a dark tunnel.
 36702 | Volcano  | Entered a volcano
 36935 | Volcano  | Found a burning altar of Makhleb.
 36963 | Volcano  | Reached XP level 16. HP: 155/160 MP: 25/27
 37654 | Lair:1   | Identified the Guide on Quantum Earth
 39434 | Lair:3   | Found a runed translucent door.
 39435 | Lair:3   | Noticed Deesahac's ghost (journeyman BaFi)
 39995 | Lair:3   | Found a staircase to the Swamp.
 40221 | Lair:3   | Killed Deesahac's ghost
 40734 | Lair:4   | Found a hole to the Spider Nest.
 40741 | Lair:4   | You fall into a shaft and drop 1 floor!
 41510 | Lair:5   | Bought a runed tower shield for 277 gold pieces
 41779 | Lair:5   | Found a staircase to the Slime Pits.
 41780 | Lair:5   | Found a viscous altar of Jiyva.
 42065 | Lair:6   | Entered Level 6 of the Lair of Beasts
 42470 | Lair:6   | Reached skill level 20 in Ice Magic
 43017 | Lair:6   | Learned a level 3 spell: Frozen Ramparts
 43019 | Lair:6   | Learned a level 1 spell: Freeze
 43092 | Lair:6   | Found a transporter.
 43094 | Lair:6   | Found a transporter.
 43095 | Lair:6   | Noticed Nattefrost's ghost (journeyman TrWn)
 43823 | Lair:6   | Paralysed by a hornet for 3 turns
 43828 | Lair:6   | Killed Nattefrost's ghost
 44276 | Lair:6   | Reached XP level 17. HP: 141/168 MP: 14/30
 44856 | Spider:1 | Entered Level 1 of the Spider Nest
 45170 | Spider:1 | Noticed Rupert
 45183 | Spider:1 | Killed Rupert
 46190 | Spider:1 | Acquired a book of Ice
 46203 | Spider:1 | Learned a level 6 spell: Freezing Cloud
 46210 | Spider:1 | Learned a level 6 spell: Ozocubu's Refrigeration
 47745 | Spider:2 | Reached skill level 10 in Spellcasting
 48521 | Spider:2 | Bought a heavily runed leather armour for 245 gold pieces
 48521 | Spider:2 | Bought a bloodstained leather armour for 245 gold pieces
 48521 | Spider:2 | Bought a shimmering leather armour for 245 gold pieces
 48521 | Spider:2 | Bought a scorched leather armour for 245 gold pieces
 48536 | Spider:2 | Identified the +6 leather armour of Cayr {Will+} (You
                  | bought it in a shop on level 2 of the Spider Nest)
 48546 | Spider:2 | Identified the +3 leather armour of the Onion {rC++ Dex+3
                  | Stlth-} (You bought it in a shop on level 2 of the Spider
                  | Nest)
 48556 | Spider:2 | Identified the cursed +0 leather armour "Zanig" {rCorr
                  | Str+4} (You bought it in a shop on level 2 of the Spider
                  | Nest)
 48573 | Spider:2 | Identified the cursed +0 leather armour of Indecent
                  | Exposure {+Blink +Inv Regen+ Slay+3} (You bought it in a
                  | shop on level 2 of the Spider Nest)
 48640 | Spider:2 | Reached skill level 21 in Ice Magic
 51678 | Spider:4 | Entered Level 4 of the Spider Nest
 51691 | Spider:4 | Reached XP level 18. HP: 176/176 MP: 9/32
 52293 | Spider:4 | Reached skill level 1 in Conjurations
 52337 | Spider:4 | Reached skill level 1 in Air Magic
 52709 | Spider:4 | Got a pair of twisted gloves
 52715 | Spider:4 | Identified the +5 pair of gloves of Moral Flaws {Harm
                  | *Corrode rF- rN+ Stlth+} (You found it on level 4 of the
                  | Spider Nest)
 54528 | Spider:4 | Got a gossamer rune of Zot
 55133 | Swamp:1  | Entered Level 1 of the Swamp
 57603 | Swamp:2  | Reached skill level 22 in Ice Magic
 57895 | Swamp:2  | Reached XP level 19. HP: 160/184 MP: 34/34
 59045 | Swamp:2  | Reached skill level 5 in Air Magic
 59663 | Swamp:3  | Reached skill level 5 in Conjurations
 61053 | Lair:5   | Bought an embroidered cloak for 277 gold pieces
 61127 | Spider:2 | Bought an embroidered cloak for 262 gold pieces
 61143 | Spider:2 | Acquired 588 gold pieces
 61145 | Spider:2 | Acquired a +0 barding of flying
 61721 | Swamp:4  | Entered Level 4 of the Swamp
 61721 | Swamp:4  | Found a transporter.
 61721 | Swamp:4  | Noticed HoaS's ghost (adept FoFi)
 62049 | Orc:1    | Bought a scroll of immolation for 52 gold pieces
 63581 | Swamp:4  | Got a decaying rune of Zot
 63624 | Swamp:4  | Found a transporter.
 63703 | Swamp:4  | Killed HoaS's ghost
 64596 | Slime:1  | Entered Level 1 of the Pits of Slime
 65377 | Slime:3  | Reached XP level 20. HP: 193/193 MP: 23/36
 65670 | Slime:5  | Entered Level 5 of the Pits of Slime
 65936 | Slime:5  | Found a viscous altar of Jiyva.
 65937 | Slime:5  | Noticed the Royal Jelly
 67727 | Slime:3  | Gained mutation: You are somewhat resistant to further
                  | mutation. [a shining eye]
 68462 | Slime:4  | Mangled by a death ooze

Illustrated notes

Levels and vault maps discovered:
D:1:      ncdulo_lavacross, layout_rooms, minmay_small_reverse_x
D:2:      layout_loops_cross
D:3:      layout_rooms
D:4:      layout_basic, uniq_grinder
D:5:      layout_rooms, serial_shops, shop
D:6:      layout_layer_cave, serial_glass, glass_columns_a, glass_columns_a,
          feat_on_display, uniq_menkaure
D:7:      layout_loops_cross, kennysheep_mini, minmay_temple_entry_ruins,
          minmay_shattered_shrine
D:8:      layout_layer_cave, chequers_temple_overflow_statue_of_worship,
          basic_altar
D:9:      layout_basic, erik_lair_island
D:10:     minmay_s_stair_smasher, layout_grid_maze
D:11:     layout_big_octagon, serial_shops, nicolae_shop_trees,
          portal_ice_cave_entry_animals_and_master
D:12:     layout_irregular_city, orc_0_dummy, grunt_ministairs_10, wad_mini_maze
D:13:     layout_gridville, erik_vaults_2, grunt_tough_drop
D:14:     layout_layer_cave, serial_shops, shop, gauntlet_entry_generic,
          sword_in_stone
D:15:     gammafunk_depths_entry_grave, layout_irregular_city, ashenzari_altar_1
Temple:   hc_temple_tempest_star
Lair:1:   layout_hall_layers, nicolae_volcano_entry_vermiform,
          lemuel_fruit_fields, minmay_lair_oklob_chamber
Lair:2:   layout_loops_ring
Lair:3:   layout_regular_city, swamp_mist_pool, gammafunk_ghost_grave,
          lemuel_fruit_fields, infiniplex_staircase_pool
Lair:4:   layout_misc_corridors, spider_nest_entry_web_field,
          columned_hall_lemuel, beast_lair_carwin_5, lemuel_fruit_tree
Lair:5:   layout_loops_ring, slime_altar_1, grunt_megastairs_1
Lair:6:   minmay_lair_end_enchanted_forest, layout_regular_city,
          gammafunk_ghost_hive
Swamp:1:  layout_basic_swamp, evilmike_swamp_ruin_house_5
Swamp:2:  nzn_winding_woodlands_medium [nzn_winding_woodlands_5x5_checkerboard,
          nzn_winding_woodlands_5x15_jagged, nzn_winding_woodlands_5x5_default,
          nzn_winding_woodlands_5x5_cross, nzn_winding_woodlands_center_garden,
          nzn_winding_woodlands_5x5_three, nzn_winding_woodlands_5x5_open_star,
          nzn_winding_woodlands_5x15_pathside_ponds,
          nzn_winding_woodlands_5x5_default], layout_basic_swamp,
          evilmike_swamp_ruin_house_1
Swamp:3:  layout_basic_swamp, evilmike_swamp_ruin_house_3, swamp_pool1,
          st_shrine_of_shade
Swamp:4:  swamp, layout_basic_swamp, gammafunk_ghost_arena, swamp_pool1
Spider:1: layout_spider_delve, uniq_rupert
Spider:2: layout_spider_delve
Spider:3: layout_spider_delve
Spider:4: grunt_spider_rune_circles, drop_trap, minmay_another_anthill
Slime:1:  layout_caves, basic_altar
Slime:2:  layout_caves
Slime:3:  layout_caves
Slime:4:  layout_caves, basic_altar, cheibrodos_slime_lost_civilization_6
Slime:5
Orc:1:    layout_caves, nicolae_alphabet_shops, minmay_orc_treasury
Orc:2:    st_orc_open, layout_caves, basic_altar, uniq_donald

Skill      XL: |  1  2  3  4  5  6  7  8  9 10 11 12 13 14 15 16 17 18 19 20 |
---------------+-------------------------------------------------------------+-----
Armour         | 1 2 3 4 5 6 7 8 |  8.0
Axes           | 1 3 4 6 8 10 11 13 | 13.0
Fighting       | 6 7 8 9 10 | 10.0
Shields        | 1 2 3 4 5 6 8 9 10 11 12 13 14 | 14.2
Ice Magic      | 7 13 16 19 20 21 22 | 22.9
Spellcasting   | 2 5 7 9 10 11 12 | 12.4
Conjurations   | 4 6 7 |  7.3
Air Magic      | 4 6 7 |  7.4
Short Blades   | |  3.0
Stealth        | |  1.5
Evocations     | |  1.0

Action                   |  1- 3 |  4- 6 |  7- 9 | 10-12 | 13-15 | 16-18 | 19-21 || total
-------------------------+-------+-------+-------+-------+-------+-------+-------++-------
Melee: Short sword       |   104 |   146 |     8 |       |       |       |       ||   258
       Hand axe          |       |       |    34 |       |       |       |       ||    34
       War axe           |       |       |   244 |   736 |   338 |       |       ||  1318
       Constrict         |       |       |       |       |   157 |   199 |    42 ||   398
       Broad axe         |       |       |       |       |   522 |   662 |       ||  1184
       Staff             |       |       |       |       |       |   406 |   217 ||   623
 Cast: Ozocubu's Armour  |       |       |       |       |     8 |    22 |     1 ||    31
       Ensorcelled Hiber |       |       |       |       |    10 |     2 |       ||    12
       Summon Ice Beast  |       |       |       |       |     2 |    21 |     2 ||    25
       Hailstorm         |       |       |       |       |       |     5 |       ||     5
       Frozen Ramparts   |       |       |       |       |       |    35 |     1 ||    36
       Ozocubu's Refrige |       |       |       |       |       |   182 |   159 ||   341
       Freeze            |       |       |       |       |       |    15 |       ||    15
Invok: Call Merchant     |       |       |       |     1 |     2 |     2 |       ||     5
 Abil: Spit Poison       |     7 |    20 |    15 |     2 |     3 |       |       ||    47
Evoke: Wand              |       |     7 |     7 |    43 |    39 |     5 |       ||   101
  Use: Scroll            |     6 |     1 |     2 |    10 |    30 |    12 |     6 ||    67
       Potion            |       |       |     2 |       |    18 |     7 |     2 ||    29
 Stab: Sleeping          |     4 |     2 |       |       |     4 |     1 |     1 ||    12
       Confused          |       |     3 |     1 |       |       |       |       ||     4
       Distracted        |       |       |       |     5 |     2 |     4 |     1 ||    12
       Paralysed         |       |       |       |     1 |       |       |       ||     1
Armor: Robe              |    21 |    42 |       |       |       |   666 |   109 ||   838
       Ring mail         |       |    15 |   112 |    68 |       |       |       ||   195
       Skin              |       |       |    11 |       |    27 |       |       ||    38
       Chain mail        |       |       |       |    16 |   161 |    19 |       ||   196
       Plate armour      |       |       |       |   239 |   191 |       |       ||   430
       Leather armour    |       |       |       |       |    40 |       |       ||    40
Dodge: Dodged            |    39 |    77 |    89 |   126 |   158 |   352 |    64 ||   905
Block: Kite shield       |       |    18 |   154 |   350 |   359 |       |       ||   881
       Tower shield      |       |       |       |       |   353 |  1504 |   296 ||  2153
       Reflection        |       |       |       |       |     4 |       |       ||     4
